 Dungeon Crawl Stone Soup version 0.23.2-1-ga50397a (webtiles) character file.

Game seed: 14519793729256814040

158 whitewolfNL the Cudgeler (level 5, -4/47 HPs)
             Began as a Minotaur Berserker on May 26, 2019.
             Was a Believer of Trog.
             Slain by a gnoll
             ... wielding a +0 halberd
              (8 damage)
             ... on level 3 of the Dungeon.
             The game lasted 00:06:35 (2408 turns).

whitewolfNL the Cudgeler (Minotaur Berserker)       Turns: 2408, Time: 00:06:37

Health: -4/47      AC: 11    Str: 22    XL:     5   Next: 16%
Magic:  4/4        EV:  8    Int:  4    God:    Trog [**....]
Gold:   141        SH:  4    Dex: 10    Spells: 4/4 levels left

rFire    . . .     SeeInvis .   a - +0 mace
rCold    . . .     Gourm    .   n - +0 buckler
rNeg     . . .     Faith    .   p - +0 chain mail
rPois    .         Spirit   .   (helmet restricted)
rElec    .         Reflect  .   x - +0 cloak (curse)
rCorr    .         Harm     .   m - +0 pair of gloves
MR       .....                  (no boots)
Stlth    ..........             v - amulet of inaccuracy (curse)
HPRegen  0.15/turn              (no ring)
MPRegen  0.09/turn              (no ring)

@: berserk cooldown, slowed, very slow
A: retaliatory headbutt, horns 2
a: Berserk, Trog's Hand, Renounce Religion


You were on level 3 of the Dungeon.
You worshipped Trog.
Trog was pleased with you.
You were hungry.

You visited 1 branch of the dungeon, and saw 3 of its levels.

You collected 141 gold pieces.

Inventory:

Hand Weapons
 a - a +0 mace (weapon)
 t - a +0 hunting sling
Missiles
 e - 109 stones (quivered)
 f - 17 bolts
 j - 39 arrows
 w - 6 tomahawks
 z - 9 poisoned needles
Armour
 m - a +0 pair of gloves (worn)
 n - a +0 buckler (worn)
 p - a +0 chain mail (worn)
 x - a cursed +0 cloak (worn)
Jewellery
 l - a +2 amulet of reflection
 v - a cursed amulet of inaccuracy (around neck)
Scrolls
 d - 2 scrolls of blinking {unknown}
 h - a scroll of magic mapping {unknown}
 i - 2 scrolls of random uselessness {unknown}
 k - 4 scrolls of identify {unknown}
 o - 2 scrolls of remove curse {unknown}
 y - a scroll of immolation {unknown}
 A - 2 scrolls of fear {unknown}
Potions
 g - a potion of flight {unknown}
 q - a potion of lignification {unknown}
 r - a potion of berserk rage {unknown}
 s - a potion of degeneration {unknown}
 u - a potion of might {unknown}
Comestibles
 b - 4 chunks of flesh
 c - 4 rations


   Skills:
 + Level 4.8 Fighting
 * Level 5.9 Maces & Flails
 - Level 2.4 Armour
 - Level 2.1 Dodging
 * Level 1.9 Shields


You had 4 spell levels left.
You didn't know any spells.
Your spell library was empty.

Dungeon Overview and Level Annotations

Branches:
Dungeon (3/15)

Altars:
Nemelex Xobeh


Innate Abilities, Weirdness & Mutations

You reflexively headbutt those who attack you in melee.
You have a pair of horns on your head.


Message History

The gnoll is lightly wounded.
The gnoll hits you with a +0 halberd.
* * * LOW HITPOINT WARNING * * *
You block the gnoll's attack.
Things that are here:
a +2 spear of piercing; a gnoll corpse The bat hits you but does no damage.
The bat closely misses you. The gnoll hits you but does no damage.
You closely miss the bat. The bat barely misses you. You furiously retaliate!
You headbutt the bat. The gnoll closely misses you.
The bat hits you but does no damage. x2; The gnoll hits you but does no damage.
Found a stone staircase leading up.
You see here a dagger.
You closely miss the bat.
The bat is severely wounded.
The bat hits you but does no damage.
The gnoll hits you from afar with a +0 halberd.
* * * LOW HITPOINT WARNING * * *
The gnoll hits you from afar with a +0 halberd!
You die...

........##
............
............
.........b..
......(...#
#........#
<.......#
...####.###@#
#./.....gg).#
..####.#####
#.# ##. #.#
.# .... #.#
#.# #...##
#.# #.#
#....# #.#
#.# #..#.#
#.# #.#


You could see 2 gnolls and a bat.

Vanquished Creatures
  Natasha (D:2)
  Robin (D:2)
  4 adders
  2 gnolls (D:3)
  An ooze (D:1)
  A worm (D:3)
  3 dart slugs
  2 leopard geckos
  3 giant cockroaches
  9 goblins
  3 hobgoblins
  5 jackals
  A quokka (D:3)
  A ball python (D:1)
  3 bats
  3 frilled lizards
  5 kobolds
  7 rats
55 creatures vanquished.

Vanquished Creatures (others)
  A goblin (D:2)
1 creature vanquished.

Grand Total: 56 creatures vanquished

Notes
Turn   | Place    | Note
-------+----------+-------------------------------------------
     0 | D:1      | whitewolfNL the Minotaur Berserker began the quest for the
                  | Orb.
     0 | D:1      | Reached XP level 1. HP: 19/19 MP: 0/0
   123 | D:1      | Reached skill level 4 in Maces & Flails
   295 | D:1      | Reached XP level 2. HP: 22/27 MP: 1/1
   993 | D:1      | Found a sparkling altar of Nemelex Xobeh.
  1031 | D:2      | Noticed Robin
  1031 | D:2      | Reached XP level 3. HP: 33/33 MP: 2/2
  1035 | D:2      | Reached ** piety under Trog
  1042 | D:2      | Killed Robin
  1047 | D:2      | Reached skill level 1 in Shields
  1319 | D:2      | Reached skill level 5 in Maces & Flails
  1418 | D:2      | Found a faded altar of an unknown god.
  1485 | D:2      | Reached XP level 4. HP: 36/41 MP: 3/3
  1740 | D:2      | Noticed Natasha
  1747 | D:2      | Killed Natasha
  2291 | D:3      | Reached XP level 5. HP: 38/47 MP: 4/4
  2408 | D:3      | Slain by a gnoll

Skill      XL: |  1  2  3 |
---------------+----------+-----
Maces & Flails | 4 5 |  5.9
Fighting       | 4 |  4.8
Shields        | 1 |  1.9
Armour         | |  2.4
Dodging        | |  2.1

Action                   |  1- 3 |  4- 6 || total
-------------------------+-------+-------++-------
Melee: Mace              |    66 |    62 ||   128
       Headbutt          |    10 |     8 ||    18
Invok: Berserk           |     1 |     2 ||     3
  Eat: Chunk             |     3 |     4 ||     7
Armor: Animal skin       |     3 |       ||     3
       Chain mail        |    41 |    32 ||    73
Dodge: Dodged            |    39 |    33 ||    72
Block: Buckler           |    15 |    12 ||    27
       Reflection        |     1 |       ||     1
